 Dungeon Crawl Stone Soup version 0.30-a0-972-gf3ab3527aa (webtiles) character file.

Game seed: 10017987543599307977

3501167 sasquatch the Gargoyle Barricade (level 27, 184/184 HPs)
             Began as a Gargoyle Reaver on Mar 31, 2023.
             Was the Champion of the Shining One.
             Escaped with the Orb
             ... and 5 runes!
             The game lasted 02:57:52 (61039 turns).

sasquatch the Gargoyle Barricade (Gargoyle Reaver) Turns: 61039, Time: 02:57:52

Health: 184/184    AC: 87    Str: 31    XL:     27
Magic:  33/33      EV: 14    Int: 21    God:    the Shining One [******]
Gold:   2647       SH: 32    Dex: 13    Spells: 26/30 levels left

rFire   + . .      SeeInvis +    K - +9 eveningstar (freeze)
rCold   + + +      Faith    .    C - +8 tower shield {AC+3}
rNeg    + + +      Spirit   +    n - +20 gold dragon scales of Rizeuf {+Inv rPois rF+ rC+ Regen+ Str+3 Int-2}
rPois   ∞          Reflect  .    E - +2 helmet
rElec   +          Rampage  ∞    N - +2 cloak {rCorr}
rCorr   +                        o - +0 pair of gloves of Cynav {Regen+ Int+7 SInv}
Will    +++..                    V - +3 pair of seven-league boots {Rampage+∞} Stlth
                                 a - amulet "Nimnotap" {Spirit rC+ Dex+7 Stlth+}
HPRegen 2.10/turn                y - ring of willpower
MPRegen 0.23/turn                H - ring of protection from cold

@: flying, glowing
A: sickness immunity, AC +20, big wings, negative energy resistance 1,
electricity resistance, torment resistance 1, petrification resistance, clumsy
1, low MP 1, shaggy fur 1
0: Orb of Zot
}: 5/15 runes: decaying, serpentine, slimy, silver, abyssal
a: Renounce Religion, Evoke Invisibility, Divine Shield, Cleansing Flame, Summon
Divine Warrior, Brand Weapon With Holy Wrath


You escaped.
You worshipped the Shining One.
The Shining One was exalted by your worship.
You visited 11 branches of the dungeon, and saw 52 of its levels.
You visited the Abyss 2 times.
You visited 1 bazaar.
You also visited: Trove, Sewer, Bailey, Gauntlet and Ice Cave.

You collected 7508 gold pieces.
You spent 4861 gold pieces at shops.

Inventory:

Hand Weapons
 J - a +7 eveningstar of holy wrath
 K - a +9 eveningstar of freezing (weapon)
Missiles
 G - 10 curare-tipped darts (quivered)
 S - 16 silver javelins
 T - 3 throwing nets
Armour
 n - the +20 gold dragon scales of Rizeuf (worn) {+Inv rPois rF+ rC+ Regen+ Str+3 Int-2}
   (You bought it in a shop on level 1 of the Snake Pit)

   Str:       It affects your strength (+3).
   Int:       It affects your intelligence (-2).
   rF:        It protects you from fire.
   rC:        It protects you from cold.
   rPois:     It protects you from poison.
   +Inv:      It lets you turn invisible.
   Regen:     It increases your rate of health regeneration.
 o - the +0 pair of gloves of Cynav (worn) {Regen+ Int+7 SInv}
   (You found it in a treasure trove)

   Int:       It affects your intelligence (+7).
   SInv:      It lets you see invisible.
   Regen:     It increases your rate of health regeneration.
 C - a +8 tower shield of protection (worn)
 E - a +2 helmet (worn)
 N - a +2 cloak of preservation (worn)
 U - a scarf of resistance
 V - the +3 pair of seven-league boots (worn) {Rampage+∞}
   (You found it on level 5 of the Pits of Slime)

   Rampage+∞: When moving toward enemies, its wearer moves as far as possible.
 X - a scarf of repulsion
Jewellery
 a - the amulet "Nimnotap" (around neck) {Spirit rC+ Dex+7 Stlth+}
   (You bought it in a shop on level 1 of the Orcish Mines)

   [amulet of guardian spirit]

   It causes incoming damage to be divided between your reserves of health and
   magic.
   Dex:       It affects your dexterity (+7).
   rC:        It protects you from cold.
   Stlth:     It makes you more stealthy.
 m - an amulet of regeneration
 y - a ring of willpower (left hand)
 H - a ring of protection from cold (right hand)
 Y - the amulet "Desohu" {Acrobat rF+ rC+ SInv}
   (You took it off a deep elf annihilator on level 3 of the Elven Halls)

   [amulet of the acrobat]

   It increases your evasion while moving and waiting.
   rF:        It protects you from fire.
   rC:        It protects you from cold.
   SInv:      It lets you see invisible.
 Z - a ring of willpower
Wands
 w - a wand of roots (8)
 B - a wand of flame (139)
 F - a wand of acid (33)
 Q - a wand of polymorph (21)
 R - a wand of paralysis (35)
Scrolls
 b - 10 scrolls of fear
 c - 4 scrolls of blinking
 d - 9 scrolls of fog
 g - 15 scrolls of poison
 i - a scroll of butterflies
 s - 35 scrolls of identify
 t - 4 scrolls of enchant armour
 u - 6 scrolls of magic mapping
 x - 21 scrolls of teleportation
 L - 2 scrolls of silence
 O - 2 scrolls of brand weapon
 P - 8 scrolls of vulnerability
Potions
 e - 7 potions of resistance
 f - 6 potions of might
 h - 14 potions of heal wounds
 j - 13 potions of attraction
 l - 4 potions of berserk rage
 q - 7 potions of cancellation
 r - 11 potions of haste
 v - 8 potions of magic
 z - 2 potions of ambrosia
 A - 29 potions of curing
 I - 6 potions of mutation
 M - 13 potions of lignification
Miscellaneous
 k - a phial of floods


   Skills:
 + Level 22.2 Fighting
 + Level 21.9 Maces & Flails
 O Level 27 Armour
 - Level 15.0 Dodging
 O Level 27 Shields
 - Level 2.0 Spellcasting
 - Level 4.0 Conjurations
 - Level 20.0 Invocations


You had 26 spell levels left.
You knew the following spells:

 Your Spells              Type           Power      Damage    Failure   Level
b - Momentum Strike       Conj/Tloc      20%        3d8       43%         2
c - Wereblood             Tmut           2%         N/A       73%         2

Your spell library contained the following spells:

 Spells                   Type           Power      Damage    Failure   Level
 Magic Dart               Conj           72%        1d6       14%         1
 Searing Ray              Conj           36%        2d5       22%         2
 Foxfire                  Conj/Fire      40%        2x1d4     32%         1
 Kiss of Death            Conj/Necr      40%        2d8       32%         1
 Static Discharge         Conj/Air       20%        2-3/arc   43%         2
 Apportation              Tloc           4%         N/A       58%         1
 Sandblast                Erth           4%         2d4       58%         1
 Sting                    Tmut/Pois      8%         1d3       58%         1
 Dazzling Flash           Conj/Hex       20%        N/A       67%         3
 Hailstorm                Conj/Ice       10%        3d5       67%         3
 Stone Arrow              Conj/Erth      20%        3d8       67%         3
 Blink                    Tloc           4%         N/A       73%         2
 Passwall                 Tmut/Erth      1%         N/A       73%         2
 Poisonous Vapours        Pois/Air       4%         N/A       73%         2
 Scorch                   Fire           4%         2d5       73%         2
 Mephitic Cloud           Conj/Pois/Air  7%         N/A       78%         3
 Frozen Ramparts          Ice            4%         1d1       91%         3
 Gell's Gravitas          Tloc           2%         N/A       91%         3
 Ozocubu's Armour         Ice            2%         N/A       91%         3
 Summon Guardian Golem    Hex/Summ       2%         N/A       91%         3
 Teleport Other           Tloc           2%         N/A       91%         3
 Vhi's Electric Charge    Tloc/Air       4%         N/A       91%         3
 Flame Wave               Conj/Fire      10%        2d6       97%         4
 Fulminant Prism          Conj/Hex       5%         3d7       97%         4
 Iskenderun's Mystic Bla  Conj/Tloc      10%        2d4       97%         4
 Iskenderun's Battlesphe  Conj           18%        2d7       98%         5
 Animate Armour           Summ/Erth      4%         N/A       100%        4
 Dispel Undead            Necr           2%         3d7       100%        4
 Ice Form                 Ice/Tmut       2%         N/A       100%        4
 Manifold Assault         Tloc           2%         N/A       100%        4
 Olgreb's Toxic Radiance  Pois           2%         N/A       100%        4
 Passage of Golubria      Tloc           2%         N/A       100%        4
 Summon Ice Beast         Ice/Summ       2%         N/A       100%        4
 Agony                    Necr           2%         N/A       100%        5
 Alistair's Intoxication  Tmut/Pois      1%         N/A       100%        5
 Arcjolt                  Conj/Air       5%         1d15      100%        5
 Blade Hands              Tmut           1%         N/A       100%        5
 Borgnjor's Vile Clutch   Necr/Erth      1%         N/A       100%        5
 Fireball                 Conj/Fire      5%         3d5       100%        5
 Irradiate                Conj/Tmut      5%         3d13      100%        5
 Metabolic Englaciation   Hex/Ice        1%         N/A       100%        5
 Plasma Beam              Fire/Air       1%         2x1d8     100%        5
 Silence                  Hex/Air        1%         N/A       100%        5
 Summon Forest            Summ/Tloc      1%         N/A       100%        5
 Summon Mana Viper        Hex/Summ       2%         N/A       100%        5
 Yara's Violent Unravell  Hex/Tmut       1%         3d3       100%        5
 Dispersal                Tloc           1%         N/A       100%        6
 Eringya's Noxious Bog    Tmut/Pois      1%         N/A       100%        6
 Iron Shot                Conj/Erth      5%         9d2       100%        6
 Simulacrum               Ice/Necr       1%         N/A       100%        6
 Starburst                Conj/Fire      5%         6d4       100%        6
 Summon Cactus Giant      Summ           1%         N/A       100%        6
 Dragon Form              Tmut           1%         N/A       100%        7
 Enfeeble                 Hex            1%         N/A       100%        7
 Orb of Destruction       Conj           9%         9d6       100%        7
 Ozocubu's Refrigeration  Ice            1%         4d7       100%        7
 Spellforged Servitor     Conj/Summ      5%         N/A       100%        7
 Storm Form               Tmut/Air       1%         N/A       100%        7
 Summon Hydra             Summ           1%         N/A       100%        7
 Discord                  Hex            1%         N/A       100%        8
 Disjunction              Tloc           1%         N/A       100%        8
 Lehudib's Crystal Spear  Conj/Erth      5%         10d3      100%        8
 Fire Storm               Conj/Fire      5%         8d1       100%        9
 Shatter                  Erth           1%         3d5*      100%        9
 Sublimation of Blood     Necr           Unusable   N/A       N/A         2

Dungeon Overview and Level Annotations

Branches:
Dungeon (15/15)            Temple (1/1) D:4            Lair (4/5) D:8
  Swamp (4/4) Lair:3        Snake (4/4) Lair:3        Slime (5/5) Lair:4
    Orc (2/2) D:12            Elf (3/3) Orc:2        Vaults (5/5) D:13
  Crypt (0/3) Vaults:2     Depths (4/4) D:15            Zot (5/5) Depths:4
  Sewer (visited)          Bailey (visited)           IceCv (visited)
Gauntlet (visited)

Altars:
Ashenzari
Cheibriados
Dithmenos
Elyvilon
Fedhas
Gozag
Hepliaklqana
Kikubaaqudgha
Makhleb
Nemelex Xobeh
Okawaru
Qazlal
Ru
Sif Muna
Trog
Uskayaw
Vehumet
Wu Jian
Xom
Yredelemnul
Zin
The Shining One
Jiyva

Shops:
Orc:1 (?=:   Orc:2 ?::(?   Elf:1 [   Snake:1 [   Snake:4 *(?!   Vaults:2 =

Portals:
Hell: Depths:1 Depths:2 Depths:3
Abyss: Depths:3
Pandemonium: Depths:2 Depths:3 Depths:4
Ziggurat: Depths:1


Innate Abilities, Weirdness & Mutations

You are immune to sickness and miasma.
Your stone body is resilient. (AC +20)
You are immune to poison.
Your large and strong wings let you fly.
You resist negative energy. (rN+)
You are resistant to electric shocks. (rElec)
You are resistant to unholy torment.
You are immune to petrification.
You are clumsy. (Dex -2)
Your magical capacity is low. (-10% MP)
You are covered in fur. (AC +1)


Message History

You feel better.
You feel your power returning.
No target in view!
No target in view!
HP restored.
Magic restored.
An Orb Guardian comes into view.
You impale the Orb Guardian!! You freeze the Orb Guardian!
The Orb Guardian is moderately wounded.
The Orb Guardian hits you but does no damage.
You hit the Orb Guardian but do no damage.
The Orb Guardian is moderately wounded.
The Orb Guardian misses you.
You closely miss the Orb Guardian.
The Orb Guardian is moderately wounded.
The Orb Guardian closely misses you.
You sock the Orb Guardian! You freeze the Orb Guardian.
The Orb Guardian is heavily wounded.
You block the Orb Guardian's attack.
You barely miss the Orb Guardian.
The Orb Guardian is heavily wounded.
You block the Orb Guardian's attack.
You hit the Orb Guardian. You freeze the Orb Guardian.
The Orb Guardian is heavily wounded.
The Orb Guardian hits you but does no damage.
You sock the Orb Guardian! You freeze the Orb Guardian.
The Orb Guardian is severely wounded.
You block the Orb Guardian's attack.
You puncture the Orb Guardian! You freeze the Orb Guardian.
The Orb Guardian is severely wounded.
You block the Orb Guardian's attack.
You barely miss the Orb Guardian.
The Orb Guardian is severely wounded.
You block the Orb Guardian's attack.
You impale the Orb Guardian!! You freeze the Orb Guardian.
The Orb Guardian is almost dead.
You block the Orb Guardian's attack.
You puncture the Orb Guardian! You freeze the Orb Guardian.
You kill the Orb Guardian!
There is a staircase leading out of the dungeon here.
You have escaped!

###########..####...#....####
#..## #.....#####.. ##.##
##...###..... #..#
##...####..... #.##
#......##..... #.###
##...#...#.....
#...###...##.#.#.....
###......###...#.....
##@..### ##.##..... #####
#.##..... #........ ####.....
#####. #. #. #. #.


There were no monsters in sight!

Vanquished Creatures
  the Royal Jelly (Slime:5)
  Tiamat (Zot:3)
  A dread lich (Zot:2)
  4 ancient liches (Zot:5)
  5 orbs of fire
  Mara (Snake:2)
  The ghost of Meadakhi the Spry, a master DgEE (Zot:1)
  The ghost of Pooter the Crack Shot, a master MiBe of Trog (Zot:2)
  The ghost of Benajun the Slayer, a veteran OgBe of Trog (Zot:1)
  The ghost of Cemmere the Wrestler, a veteran TrCK of Xom (Zot:1)
  The ghost of Wefy the Gnoll Aeon, a legendary GnIE of Cheibriados (Zot:1)
  Vv (Depths:4)
  Saint Roka (Snake:3)
  6 Killer Klowns
  Xtahua (Depths:3)
  3 pandemonium lords
  2 curse toes (Zot:3)
  The ghost of Qaniympis the Stormcaller, a veteran DgEE (Zot:1)
  15 golden dragons
  2 bone dragons
  3 electric golems
  A Tzitzimitl (Depths:1)
  2 Hell Sentinels
  An Ice Fiend (Zot:4)
  29 Orb Guardians
  31 tentacled monstrosities
  4 liches
  22 acid blobs
  11 quicksilver dragons
  An eldritch tentacle (Zot:1)
  2 deep elf master archers (Elf:3)
  5 titans
  3 deep elf blademasters
  The ghost of Feshunla the Bewitcher, an adept KoEn of Dithmenos (Vaults:1)
  14 death cobs
  5 tentacled starspawn (Abyss:3)
  6 sphinxes
  12 shadow dragons
  2 thorn hunters (Swamp:4)
  Kirke (Snake:1)
  Gastronok (Lair:3)
  4 tengu reavers
  12 storm dragons
  10 draconian monks
  Agnes (Snake:3)
  10 rockslimes
  2 demonspawn warmongers (Depths:4)
  7 nagarajas
  4 fire giants
  9 draconian knights
  5 frost giants
  An iron dragon (Depths:3)
  11 azure jellies
  Aizul (Vaults:3)
  10 draconian scorchers
  6 ghost moths
  20 vault wardens
  Louise (Depths:3)
  4 spriggan defenders (Depths:3)
  5 deep elf elementalists
  A caustic shrike zombie (Depths:1)
  15 draconian shifters
  11 draconian stormcallers
  3 reapers
  28 very ugly things
  21 ironbound preservers
  15 quicksilver oozes
  9 draconian annihilators
  16 stone giants
  2 war gargoyles
  2 vampire knights
  9 ironbound thunderhulks
  A lorocyproca (D:12)
  21 green draconians
  15 purple draconians
  4 bunyips
  18 dire elephants
  3 eleionomae
  19 black draconians
  19 white draconians
  8 deep elf demonologists
  5 deep elf annihilators
  A minotaur (Gauntlet)
  3 spark wasps (Depths:3)
  19 yellow draconians
  Snorg (D:14)
  25 red draconians
  The ghost of math4jedi the Spear-Bearer, a journeyman MiBe of Trog (D:12)
  8 ettins
  Josephine (D:12)
  3 deep elf death magi (Elf:3)
  A blizzard demon (D:13)
  2 entropy weavers
  A crystal guardian (Vaults:2)
  A green death (D:13)
  6 fire dragons
  5 shambling mangroves
  A spectral golden dragon (Zot:2)
  5 deep elf high priests
  12 great orbs of eyes
  14 yaktaur captains
  A peacekeeper (Vaults:2)
  Harold (Lair:2)
  3 rakshasas
  4 salamander tyrants
  10 hydras
  39 vault guards
  2 ghost crabs
  11 ice dragons
  12 ironbound frosthearts
  A catoblepas (Lair:4)
  4 spriggan air magi
  A death knight (Abyss:3)
  A jorogumo (shapeshifter) (Depths:2)
  8 anacondas
  2 hell beasts
  6 two-headed ogres
  7 centaur warriors
  5 deep troll shamans
  9 alligators
  4 tengu warriors
  A Killer Klown simulacrum (Zot:2)
  The ghost of ders the Thaumaturge, a journeyman DjCj of Ashenzari (Lair:2)
  4 boulder beetles
  34 dancing weapons
  6 deep troll earth magi
  2 spectral draconians (Zot:2)
  4 thrashing horrors
  5 orc high priests (Orc:2)
  A vampire mage (Depths:1)
  3 hell hogs (Depths:1)
  14 naga warriors
  A shock serpent (shapeshifter) (Vaults:4)
  5 spriggan berserkers
  A spectral storm dragon (Zot:2)
  A sun demon (Depths:4)
  15 shock serpents
  Urug (Lair:3)
  5 naga sharpshooters
  7 hell knights
  2 wretched stars (Abyss:3)
  A soul eater (Zot:4)
  2 salamander mystics
  A skeletal warrior (Abyss:3)
  18 deep elf knights
  A fire crab (Abyss:3)
  4 goliath frogs
  4 iron trolls
  A shadow wraith (Vaults:5)
  5 spriggan druids
  A spatial maelstrom (Abyss:3)
  A goliath frog (shapeshifter) (Vaults:3)
  14 swamp dragons
  2 shadow demons
  20 large abominations
  A bog body (Swamp:4)
  Lodul (D:14)
  75 deep trolls
  8 orc knights
  15 lindwurms
  5 flayed ghosts
  A glowing orange brain (Vaults:4)
  An obsidian statue (Zot:5)
  9 naga ritualists
  12 wizards
  18 ironbound convokers
  10 mana vipers
  3 harpies (Vaults:1)
  3 phantasmal warriors
  11 deep elf archers
  26 deep elf zephyrmancers
  33 deep elf pyromancers
  2 orc sorcerers
  A cyclops (shapeshifter) (Vaults:1)
  37 ugly things
  3 necromancers
  Pikel (D:5)
  A glowing shapeshifter (Abyss:3)
  3 cyclopes
  3 will-o-the-wisps
  A tengu skeleton (Vaults:3)
  A worldbinder (Abyss:3)
  A shining eye (Slime:5)
  2 sphinx skeletons (Vaults:3)
  2 fauns (shapeshifter)
  A shining eye (shapeshifter) (Vaults:5)
  2 apocalypse crabs (Abyss:3)
  A salamander (shapeshifter) (Elf:2)
  2 manticores
  A rust devil (Depths:4)
  26 salamanders
  19 moths of wrath
  A toenail golem (D:15)
  16 vault sentinels
  40 black mambas
  3 ice statues (IceCv)
  An elephant (D:8)
  2 eyes of devastation
  8 guardian serpents
  A water nymph (shapeshifter) (Depths:2)
  3 gargoyles
  2 smoke demons
  4 molten gargoyles (Elf:2)
  16 naga magi
  An orange demon (Zot:4)
  A storm dragon simulacrum (Zot:2)
  8 cane toads
  5 komodo dragons
  A kobold demonologist (D:9)
  4 rime drakes
  56 yaktaurs
  A yaktaur (shapeshifter) (Vaults:5)
  An efreet (D:15)
  2 tengu conjurers
  2 freezing wraiths
  A tormentor (D:1)
  3 ice devils
  23 starcursed masses (Abyss:3)
  2 trolls
  3 ancient zymes (Abyss:3)
  A tarantella (Vaults:4)
  A bloated husk (Swamp:2)
  A meliai (D:8)
  6 hellwings
  2 polar bears
  14 tyrant leeches
  A tarantella (shapeshifter) (Depths:2)
  A harpy skeleton (Abyss:3)
  26 hornets
  2 raiju (Abyss:3)
  14 blink frogs
  Prince Ribbit (Bailey)
  6 dream sheep (Lair:3)
  86 slime creatures
  A flying skull (Abyss:3)
  An ettin skeleton (Depths:1)
  2 jumping spiders (shapeshifter)
  A shadow (D:9)
  3 air elementals
  A spriggan skeleton (Depths:1)
  9 ynoxinuls
  3 vampires
  20 spriggans
  60 yaks
  14 water elementals
  11 wraiths
  4 wyverns
  6 fire elementals
  3 basilisks
  A chaos spawn (Abyss:2)
  15 humans
  4 fire bats (Elf:2)
  7 golden eyes
  A neqoxec (Abyss:3)
  5 hogs (Snake:1)
  6 small abominations
  A death yak simulacrum (IceCv)
  A steam dragon (D:8)
  A redback (shapeshifter) (Depths:2)
  8 vampire mosquitoes
  2 redbacks (Vaults:4)
  39 nagas
  A swamp worm (shapeshifter) (Depths:2)
  5 wargs
  A glowing shapeshifter zombie (Vaults:3)
  2 harpy simulacra (IceCv)
  A spatial vortex (Abyss:3)
  9 water moccasins
  13 swamp worms
  A hydra simulacrum (IceCv)
  An acid dragon (D:13)
  19 hell hounds
  A floating eye (shapeshifter) (Vaults:5)
  2 floating eyes
  7 swamp drakes
  5 black bears
  38 orc warriors
  An ice beast (D:8)
  3 wolves (Lair:4)
  15 ogres
  13 centaurs
  13 kobold brigands
  A phantom (D:5)
  Blork the orc (D:5)
  20 bullfrogs
  2 gnoll sergeants (D:8)
  A scorpion (D:5)
  2 earth elementals
  5 wights (D:7)
  An elephant simulacrum (IceCv)
  5 killer bees (D:8)
  8 howler monkeys
  A hound (D:7)
  A jelly (D:5)
  29 orc priests
  A gnoll bouda (D:6)
  5 iguanas
  25 orc wizards
  A sleepcap (D:8)
  Natasha (thrice) (D:4)
  A wolf simulacrum (IceCv)
  2 polar bear simulacra (IceCv)
  Robin (D:4)
  18 gnolls
  5 adders
  3 shadow imps
  15 white imps
  2 ufetubi (D:5)
  4 worms
  2 dart slugs (D:1)
  78 orcs
  6 bats
  9 endoplasms
  3 giant cockroaches
  18 goblins
  14 hobgoblins
  10 jackals
  2 quokkas
  10 ball pythons
  7 frilled lizards
  37 kobolds
  10 rats
  2 briar patches (Swamp:4)
  A tentacle (Abyss:3)
2472 creatures vanquished.

Vanquished Creatures (others)
  The ghost of Cemmere the Wrestler, a veteran TrCK of Xom (Zot:1)
  The ghost of Qaniympis the Stormcaller, a veteran DgEE (Zot:1)
  A golden dragon (Zot:1)
  A kraken (Abyss:3)
  2 eldritch tentacles (Zot:1)
  A draconian scorcher (Zot:1)
  A ghost moth (Zot:1)
  A green draconian (Zot:1)
  A white draconian (Zot:1)
  A goliath frog (Swamp:3)
  2 deep elf zephyrmancers
  3 deep elf pyromancers
  5 bloated husks
  A human (Snake:2)
  2 vampire mosquitoes (Swamp:1)
  A swamp worm (Swamp:3)
  14 ball lightnings (Zot:1)
  A briar patch (Swamp:4)
  43 bushes (Depths:2)
  12 demonic plants (Gauntlet)
  6 foxfires
  5 fungi
  A lurking horror (Abyss:3)
  33 plants
  14 starspawn tentacles (Abyss:3)
  6 tentacles (Abyss:3)
  5 withered plants (Gauntlet)
165 creatures vanquished.

Grand Total: 2637 creatures vanquished

Notes
Turn   | Place    | Note
-------+----------+-------------------------------------------
     0 | D:1      | sasquatch the Gargoyle Reaver began the quest for the Orb.
     0 | D:1      | Reached XP level 1. HP: 12/12 MP: 3/3
   186 | D:1      | Reached XP level 2. HP: 17/17 MP: 5/5
   413 | D:1      | Found a faded altar of an unknown god.
   627 | D:1      | Reached XP level 3. HP: 13/21 MP: 6/6
  1326 | D:2      | Learned a level 2 spell: Momentum Strike
  1473 | D:2      | Reached XP level 4. HP: 26/26 MP: 7/7
  1730 | D:3      | Found a glowing drain.
  1853 | D:3      | Reached skill level 5 in Maces & Flails
  1876 | Sewer    | Entered a sewer
  1910 | Sewer    | Reached XP level 5. HP: 30/30 MP: 8/8
  1982 | Sewer    | Noticed a kobold brigand
  1982 | Sewer    | Noticed a kobold brigand
  1982 | Sewer    | Noticed a kobold brigand
  1989 | Sewer    | Killed a kobold brigand
  1995 | Sewer    | Killed a kobold brigand
  1996 | Sewer    | Reached XP level 6. HP: 34/35 MP: 9/9
  2186 | Sewer    | Reached XP level 7. HP: 22/40 MP: 10/10
  2379 | D:3      | Found a broken altar of Ashenzari.
  2861 | D:4      | Noticed Natasha
  2872 | D:4      | Killed Natasha
  2944 | D:4      | Noticed Robin
  3002 | D:4      | Killed Robin
  3153 | D:4      | Noticed Natasha
  3164 | D:4      | Killed Natasha
  3234 | D:4      | Found a staircase to the Ecumenical Temple.
  3253 | D:4      | Noticed Natasha
  3265 | D:4      | Killed Natasha
  3486 | Temple   | Entered the Ecumenical Temple
  3543 | Temple   | Became a worshipper of the Shining One
  3958 | D:5      | Entered Level 5 of the Dungeon
  4286 | D:5      | Noticed Pikel
  4306 | D:5      | Killed Pikel
  4307 | D:5      | Reached skill level 10 in Maces & Flails
  4307 | D:5      | Reached XP level 8. HP: 37/44 MP: 11/11
  4412 | D:5      | Noticed Blork the orc
  4427 | D:5      | Killed Blork the orc
  4766 | D:6      | Reached * piety under the Shining One
  5006 | D:6      | Reached XP level 9. HP: 48/48 MP: 12/12
  5406 | D:6      | Learned a level 2 spell: Wereblood
  6085 | D:7      | Found an ornate altar of the Wu Jian Council.
  6557 | D:8      | Reached ** piety under the Shining One
  6573 | D:8      | Noticed an elephant
  6606 | D:8      | Killed an elephant
  6715 | D:8      | Reached XP level 10. HP: 53/53 MP: 13/13
  6717 | D:8      | Found a staircase to the Lair.
  7410 | D:8      | Reached skill level 15 in Maces & Flails
  8059 | D:9      | Found a radiant altar of Vehumet.
  8060 | D:9      | Found a sacrificial altar of Ru.
  8063 | D:9      | Found a glowing silver altar of Zin.
  8160 | D:9      | Found an opulent altar of Gozag.
  8160 | D:9      | Found a blossoming altar of Fedhas.
  8249 | D:9      | Noticed a two-headed ogre
  8249 | D:9      | Reached *** piety under the Shining One
  8267 | D:9      | Reached XP level 11. HP: 53/60 MP: 14/14
  8275 | D:9      | Killed a two-headed ogre
  8276 | D:9      | Reached skill level 5 in Fighting
  8399 | D:9      | Found a stormy altar of Qazlal.
  8629 | D:9      | Noticed a red ugly thing
  8913 | D:9      | Killed a red ugly thing
  8924 | D:9      | Identified the staff of earth "Ficoov" {Drain rElec rN+
                  | Dex+5}
  9071 | D:10     | Entered Level 10 of the Dungeon
  9082 | D:10     | Was placed under penance by the Shining One
  9226 | D:10     | Noticed a sixfirhy
  9238 | D:9      | Reached skill level 1 in Invocations
  9394 | D:10     | Found a flagged portal.
  9404 | Bailey   | Entered a bailey
  9576 | Bailey   | Noticed Prince Ribbit
  9576 | Bailey   | Noticed a vault guard
  9591 | Bailey   | Killed a vault guard
  9608 | Bailey   | Killed Prince Ribbit
  9706 | Bailey   | Noticed a vault guard
  9717 | Bailey   | Killed a vault guard
 10029 | D:10     | Reached skill level 10 in Fighting
 10029 | D:10     | Reached XP level 12. HP: 75/77 MP: 15/15
 10137 | D:10     | Reached skill level 5 in Invocations
 10379 | D:10     | Noticed a two-headed ogre
 10385 | D:10     | Killed a two-headed ogre
 10576 | Lair:1   | Entered Level 1 of the Lair of Beasts
 10576 | Lair:1   | You fall into a shaft and drop 1 floor!
 10641 | Lair:2   | Reached XP level 13. HP: 82/82 MP: 17/19
 10694 | Lair:2   | Found a runed translucent door.
 10700 | Lair:2   | Noticed ders's ghost (journeyman DjCj)
 11043 | Lair:2   | Noticed Harold
 11058 | Lair:2   | Killed Harold
 11059 | Lair:2   | Reached skill level 10 in Invocations
 11672 | Lair:2   | Killed ders's ghost
 11682 | Lair:2   | Got Cola's Omnibus of Burnt Gloom
 11711 | Lair:3   | Found a staircase to the Swamp.
 11778 | Lair:3   | Reached skill level 10 in Armour
 11845 | Lair:3   | Noticed Urug
 11864 | Lair:3   | Killed Urug
 12487 | Lair:3   | Gained mutation: Your large and strong wings let you fly.
                  | [Gargoyle growth]
 12487 | Lair:3   | Reached XP level 14. HP: 84/88 MP: 21/21
 12569 | Lair:3   | Found a staircase to the Snake Pit.
 12570 | Lair:3   | Noticed Gastronok
 12580 | Lair:3   | Killed Gastronok
 13130 | Lair:4   | Found a gate leading to a gauntlet.
 13140 | Gauntlet | Entered a Gauntlet
 13140 | Gauntlet | Found a transporter.
 13140 | Gauntlet | Found a transporter.
 13290 | Gauntlet | Found a transporter.
 13291 | Gauntlet | Found a transporter.
 13300 | Gauntlet | Found a transporter.
 13303 | Gauntlet | Found a large runed translucent door.
 13304 | Gauntlet | Found a large runed translucent door.
 13305 | Gauntlet | Found a large runed translucent door.
 13305 | Gauntlet | Found a large runed translucent door.
 13305 | Gauntlet | Found a large runed translucent door.
 13306 | Gauntlet | Found a runed translucent door.
 13345 | Gauntlet | Found a transporter.
 13347 | Gauntlet | Found a large runed translucent door.
 13348 | Gauntlet | Found a large runed translucent door.
 13349 | Gauntlet | Found a runed translucent door.
 13349 | Gauntlet | Found a large runed translucent door.
 13349 | Gauntlet | Found a large runed translucent door.
 13350 | Gauntlet | Found a large runed translucent door.
 13353 | Gauntlet | Found a large runed translucent door.
 13353 | Gauntlet | Found a large runed translucent door.
 13354 | Gauntlet | Found a large runed translucent door.
 13354 | Gauntlet | Found a large runed translucent door.
 13354 | Gauntlet | Found a large runed translucent door.
 13354 | Gauntlet | Found a large runed translucent door.
 13358 | Gauntlet | Found a runed translucent gate.
 13358 | Gauntlet | Found a runed translucent gate.
 13358 | Gauntlet | Found a runed translucent gate.
 13359 | Gauntlet | Noticed a reaper
 13360 | Gauntlet | Found a transporter.
 13373 | Gauntlet | Found a transporter.
 13455 | Gauntlet | Found a transporter.
 13471 | Gauntlet | Found a transporter.
 13488 | Gauntlet | Found a transporter.
 13502 | Gauntlet | Found a transporter.
 13523 | Gauntlet | Found a transporter.
 13689 | Gauntlet | Killed a reaper
 13696 | Gauntlet | Identified the +17 plate armour "Hietug" {Rampage rF++}
 13848 | Gauntlet | Found a transporter.
 13857 | Gauntlet | Found a transporter.
 13941 | Gauntlet | Identified the +0 halberd "Ulodo" {speed, rN++ Dex-4}
 14301 | Lair:4   | Found a staircase to the Slime Pits.
 14302 | Lair:4   | Found a viscous altar of Jiyva.
 15954 | D:12     | Noticed Josephine
 15963 | D:12     | Killed Josephine
 16145 | D:12     | Found a staircase to the Orcish Mines.
 16163 | D:12     | Found a runed translucent door.
 16172 | D:12     | Noticed math4jedi's ghost (journeyman MiBe)
 16192 | D:12     | Killed math4jedi's ghost
 16256 | D:12     | Identified the +3 lajatang "Killer Bee's Peril" {antimagic,
                  | +Blink rPois rC- Int+2}
 16497 | D:12     | Found a portal to a secret trove of treasure.
 17092 | Orc:1    | Entered Level 1 of the Orcish Mines
 17092 | Orc:1    | Found Cusinount's Book Emporium.
 17111 | Orc:1    | Bought a manual of Shields for 880 gold pieces
 17376 | Orc:1    | Found Repext's Jewellery Shop.
 17538 | Orc:1    | Found Kofific's Magic Scroll Shoppe.
 17576 | Orc:1    | Found Sulokh's Antique Weapon Emporium.
 17714 | Orc:2    | Entered Level 2 of the Orcish Mines
 17849 | Orc:2    | Found a staircase to the Elven Halls.
 18003 | Orc:2    | Found a frozen archway.
 18042 | IceCv    | Entered an ice cave
 18042 | IceCv    | Was forgiven by the Shining One
 18347 | IceCv    | Reached XP level 15. HP: 84/99 MP: 22/22
 18475 | IceCv    | Identified the +3 great mace of the Foot {pain, Will+ Str-4
                  | Int+4}
 18485 | IceCv    | Identified the +6 battleaxe "Woyny" {pain, Str+2 Int+4}
 18934 | Orc:2    | Found Ejelofy's Book Shoppe.
 19203 | Orc:2    | Reached skill level 15 in Armour
 19938 | Orc:2    | Found Xaos's Magic Scroll Shoppe.
 19941 | Orc:2    | Found Ubra Aff's Antique Weapon Shoppe.
 19942 | Orc:2    | Found Bihorr's Magic Scroll Shoppe.
 19943 | Orc:2    | Found Zicwel's Book Emporium.
 19950 | Orc:2    | Bought a scroll of enchant weapon for 120 gold pieces
 19950 | Orc:2    | Bought a scroll of enchant weapon for 120 gold pieces
 20229 | Snake:1  | Entered Level 1 of the Snake Pit
 20235 | Snake:1  | Reached skill level 1 in Shields
 20595 | Snake:1  | Identified the +3 quarterstaff of Fenoxtosh {speed, rF+}
 20906 | Snake:1  | Reached skill level 5 in Shields
 21045 | Snake:1  | Noticed Kirke
 21340 | Orc:1    | Bought a ring of willpower for 325 gold pieces
 21581 | Snake:1  | Found Jimu's Antique Armour Boutique.
 21948 | Snake:1  | Killed Kirke
 21949 | Snake:1  | Reached skill level 15 in Fighting
 22199 | Snake:2  | Reached **** piety under the Shining One
 22290 | Snake:2  | Reached XP level 16. HP: 108/108 MP: 25/25
 22475 | Snake:2  | Reached skill level 10 in Shields
 23114 | Snake:3  | Noticed Mara
 23131 | Snake:3  | Noticed sasquatch's illusion
 23307 | Snake:3  | Noticed sasquatch's illusion
 23317 | Snake:2  | Noticed sasquatch's illusion
 23350 | Snake:2  | Killed Mara
 23610 | Snake:3  | Noticed Agnes
 23613 | Snake:3  | Killed Agnes
 23701 | Snake:3  | Noticed a nagaraja
 23717 | Snake:3  | Killed a nagaraja
 23773 | Snake:3  | Noticed a nagaraja
 23793 | Snake:3  | Killed a nagaraja
 23980 | Snake:3  | Noticed Saint Roka
 24006 | Snake:3  | Killed Saint Roka
 24283 | Snake:3  | Reached skill level 15 in Shields
 24649 | Snake:4  | Entered Level 4 of the Snake Pit
 24655 | Snake:4  | Found Selump's Distillery.
 24658 | Snake:4  | Found Neptarr's Magic Scroll Shop.
 24658 | Snake:4  | Found Ajoaleb's Weapon Boutique.
 24661 | Snake:4  | Found Yfeplac's Assorted Antiques.
 25306 | Snake:4  | Noticed a nagaraja
 25328 | Snake:4  | Killed a nagaraja
 25380 | Snake:4  | Reached XP level 17. HP: 113/113 MP: 27/27
 25993 | Snake:4  | Reached ***** piety under the Shining One
 26474 | Snake:4  | Reached skill level 15 in Invocations
 26635 | Snake:4  | Got a serpentine rune of Zot
 26847 | Swamp:1  | Entered Level 1 of the Swamp
 27616 | Swamp:1  | Found a broken altar of Ashenzari.
 28794 | Swamp:3  | Reached XP level 18. HP: 101/120 MP: 30/30
 29119 | Swamp:4  | Entered Level 4 of the Swamp
 29149 | Swamp:4  | Reached ****** piety under the Shining One
 29593 | Swamp:4  | Noticed a tentacled monstrosity
 29617 | Swamp:4  | Killed a tentacled monstrosity
 29656 | Swamp:4  | Got a decaying rune of Zot
 30370 | D:12     | You paid a toll of a +6 demon trident to enter a treasure
                  | trove
 30371 | Trove    | Entered a treasure trove
 30373 | Trove    | Found the +15 Maxwell's patent armour {-Cast -Tele rElec
                  | Will+ rCorr}
 30394 | Trove    | Identified the +4 kite shield "Fism" {Int+4}
 30396 | Trove    | Identified the +1 pair of boots of Hedging {rN++ SInv}
 30409 | Trove    | Identified the +0 pair of gloves of Cynav {Regen+ Int+7
                  | SInv}
 30436 | Trove    | Identified the scarf of Odufuc {+Inv, rC+ rN+++ Will-
                  | Int+2}
 30640 | D:13     | Found a gate to the Vaults.
 31124 | Elf:1    | Entered Level 1 of the Elven Halls
 31256 | Elf:1    | Got the Directory of the Discharge
 31682 | Elf:1    | Found Owuarphute's Armour Boutique.
 31717 | Elf:1    | Paralysed by an air elemental for 1 turns
 32192 | Elf:2    | Paralysed by an air elemental for 1 turns
 32205 | Elf:2    | Reached XP level 19. HP: 128/128 MP: 31/31
 32403 | Elf:2    | Identified the +5 scale mail "Camio" {Dex+5}
 32572 | Elf:2    | Paralysed by an air elemental for 1 turns
 32575 | Elf:2    | Paralysed by an air elemental for 1 turns
 32617 | Elf:2    | Found a runed translucent gate.
 32617 | Elf:2    | Found a runed translucent gate.
 32638 | Elf:2    | Found a runed translucent gate.
 33544 | Orc:2    | Bought a scroll of brand weapon for 152 gold pieces
 33759 | Elf:3    | Entered Level 3 of the Elven Halls
 34473 | Abyss:2  | Cast into level 2 of the Abyss (a deep elf demonologist)
 34576 | Abyss:3  | Found a corrupted altar of Lugonu.
 34585 | Abyss:3  | Found a corrupted altar of Lugonu.
 34596 | Abyss:3  | Found a corrupted altar of Lugonu.
 34596 | Abyss:3  | Found a corrupted altar of Lugonu.
 34597 | Abyss:3  | Found a corrupted altar of Lugonu.
 34614 | Abyss:3  | Paralysed by accursed screaming for 1 turns
 34616 | Abyss:3  | Noticed a bone dragon
 34652 | Abyss:3  | Killed a bone dragon
 34664 | Elf:3    | Escaped the Abyss
 34670 | Elf:3    | Noticed a Hell Sentinel
 34671 | Elf:3    | Reached XP level 20. HP: 136/136 MP: 32/32
 34711 | Elf:3    | Identified the amulet "Desohu" {Acrobat rF+ rC+ SInv}
 34747 | Elf:3    | Identified the +4 quick blade of Lingu {antimagic, *Rage
                  | Will+ Int+6}
 34747 | Elf:3    | Identified the amulet "Kaddyll" {Spirit Str+4}
 34750 | Elf:3    | Identified the +4 bardiche of the Yoke {freeze, +Blink rN+
                  | Str+5 Int-4}
 34830 | Elf:3    | Identified the staff of earth "Lurisat" {Will++ Str+4
                  | Dex-3}
 34839 | Elf:3    | Identified the staff of conjuration "Quehag" {Stlth+}
 34841 | Elf:3    | Identified the +3 hand crossbow of Uskayaw's Whim {speed,
                  | rF+ Int+3}
 34842 | Elf:3    | Identified the +5 scale mail "Jempy" {Str-3 Int+5}
 34943 | Elf:3    | Identified the ring of Beogh's Hatred {rElec MP+9}
 35268 | Vaults:1 | Entered Level 1 of the Vaults
 35702 | Vaults:1 | Found a runed translucent door.
 35706 | Vaults:1 | Noticed Feshunla's ghost (adept KoEn)
 36558 | Vaults:1 | Killed Feshunla's ghost
 36574 | Vaults:1 | Got the Collected Works on Terrain
 36575 | Vaults:1 | Identified the +3 hat of Resourcefulness {rPois Str-2 Dex+4
                  | Stlth+}
 37110 | Vaults:2 | Reached XP level 21. HP: 144/144 MP: 33/33
 37694 | Vaults:2 | Found Xaysuunofa's Jewellery Shoppe.
 38121 | Vaults:2 | Found a staircase to the Crypt.
 38121 | Vaults:2 | Found a basalt altar of Yredelemnul.
 38122 | Vaults:2 | Found an ancient bone altar of Kikubaaqudgha.
 38326 | Vaults:3 | Reached skill level 5 in Dodging
 38453 | Vaults:3 | Noticed Aizul
 38495 | Vaults:3 | Killed Aizul
 38645 | Vaults:3 | Identified the +1 robe of Irksome Curiosity {rC+ rCorr
                  | Str-2 Int+2}
 39066 | Vaults:3 | You are sucked into a shaft and drop 1 floor!
 39360 | Vaults:3 | Reached skill level 10 in Dodging
 39360 | Vaults:3 | Reached XP level 22. HP: 145/152 MP: 34/34
 39466 | Vaults:3 | Identified the +5 long sword of Contradiction {freeze,
                  | rC+++ Will+++ Int-5 Stlth-}
 39757 | Vaults:4 | Identified the +1 robe of Context {+Inv rF+ rC+}
 41061 | Orc:1    | Bought the amulet "Nimnotap" {Spirit rC+ Dex+7 Stlth+} for
                  | 799 gold pieces
 41353 | D:14     | Found an iron altar of Okawaru.
 41358 | D:14     | Identified the +1 falchion of the Slime-mould {spect, rElec
                  | rPois rCorr}
 41560 | D:14     | Noticed Lodul
 41573 | D:14     | Killed Lodul
 41640 | D:14     | Noticed Snorg
 41649 | D:14     | Killed Snorg
 41867 | D:15     | Entered Level 15 of the Dungeon
 42518 | D:15     | Found a staircase to the Depths.
 42639 | Depths:1 | Entered Level 1 of the Depths
 42649 | Depths:1 | Found a gateway to a bazaar.
 42678 | Bazaar   | Entered a bazaar
 42685 | Bazaar   | Found Pahyos's Book Shop.
 42723 | Bazaar   | Found Keho Kit's Armour Boutique.
 42763 | Bazaar   | Found Punitidgh's Armour Shop.
 42824 | Depths:1 | Found a one-way gateway to a ziggurat.
 43378 | Slime:1  | Entered Level 1 of the Pits of Slime
 43460 | Slime:2  | Paralysed by a floating eye for 4 turns
 43657 | Slime:5  | Entered Level 5 of the Pits of Slime
 43996 | Slime:5  | Reached XP level 23. HP: 126/156 MP: 20/36
 44309 | Slime:5  | Noticed the Royal Jelly
 44310 | Slime:5  | Found a viscous altar of Jiyva.
 44310 | Slime:5  | Gained mutation: You are clumsy. (Dex -2) [a shining eye]
 44311 | Slime:5  | Gained mutation: Your body sometimes deteriorates upon
                  | taking damage. [a shining eye]
 44312 | Slime:5  | Found the +4 moon troll leather armour {Spirit, Regen++
                  | MP+5}
 44312 | Slime:5  | Found the +3 pair of seven-league boots {Rampage+∞}
 44314 | Slime:5  | Gained mutation: Your body often deteriorates upon taking
                  | damage. [a shining eye]
 44526 | Slime:5  | Killed the Royal Jelly
 44757 | Slime:5  | Got a slimy rune of Zot
 44814 | Slime:5  | Identified the ring of Tuph {rElec Str+5 Int+6}
 44829 | Slime:5  | Identified the +7 glaive of Dismay {freeze, Str+3 Stlth+}
 44846 | Slime:5  | Identified the +7 dagger "Xaof" {venom, rElec rC+ Dex-2}
 44852 | Slime:5  | Got the Quarto of Crystalline Coordinates
 44859 | Slime:5  | Identified the +8 trident "Uclobo" {freeze, *Corrode Int+2
                  | Stlth+}
 44861 | Slime:5  | Identified the +7 long sword "Quggetur" {protect, Str+3}
 44881 | Slime:5  | Identified the +0 great mace of Ijodawn {protect, *Noise
                  | rElec rCorr Dex+2}
 45948 | Depths:1 | Found a gateway to Hell.
 46350 | Depths:2 | Found a one-way gate leading to the halls of Pandemonium.
 46648 | Depths:2 | Paralysed by a floating eye for 3 turns
 46655 | Depths:2 | Paralysed by a floating eye for 4 turns
 47037 | Depths:2 | Found a sacrificial altar of Ru.
 47198 | Depths:3 | Found a one-way gate to the infinite horrors of the Abyss.
 47199 | Depths:3 | Noticed Louise
 47215 | Depths:3 | Killed Louise
 47563 | Depths:3 | Reached XP level 24. HP: 122/163 MP: 25/37
 47686 | Depths:3 | Reached skill level 15 in Dodging
 48024 | Snake:1  | Bought warped gold dragon scales for 2465 gold pieces
 48024 | Snake:1  | Identified the +20 gold dragon scales of Rizeuf {+Inv rPois
                  | rF+ rC+ Regen+ Str+3 Int-2} (You bought it in a shop on
                  | level 1 of the Snake Pit)
 48447 | Depths:3 | Noticed Xtahua
 48461 | Depths:3 | Paralysed by Xtahua for 4 turns
 48466 | Depths:3 | Killed Xtahua
 49037 | Depths:4 | Entered Level 4 of the Depths
 49147 | Depths:4 | Noticed Vv
 49175 | Depths:4 | Killed Vv
 49407 | Depths:4 | Lost mutation: You are clumsy. (Dex -2) [potion of
                  | mutation]
 49407 | Depths:4 | Lost mutation: Your body often deteriorates upon taking
                  | damage. [potion of mutation]
 49407 | Depths:4 | Gained mutation: Your body often deteriorates upon taking
                  | damage. [potion of mutation]
 49407 | Depths:4 | Gained mutation: Your spells are a little harder to cast,
                  | but a little more powerful. [potion of mutation]
 49408 | Depths:4 | Lost mutation: Your spells are a little harder to cast, but
                  | a little more powerful. [potion of mutation]
 49408 | Depths:4 | Lost mutation: Your body often deteriorates upon taking
                  | damage. [potion of mutation]
 49408 | Depths:4 | Lost mutation: Your body sometimes deteriorates upon taking
                  | damage. [potion of mutation]
 49408 | Depths:4 | Gained mutation: You have hidden genetic defects. [potion
                  | of mutation]
 49408 | Depths:4 | Gained mutation: Your natural rate of healing is unusually
                  | fast. [potion of mutation]
 49408 | Depths:4 | Gained mutation: You occasionally lose the ability to drink
                  | potions when taking damage. [potion of mutation]
 49409 | Depths:4 | Lost mutation: Your natural rate of healing is unusually
                  | fast. [potion of mutation]
 49409 | Depths:4 | Lost mutation: You occasionally lose the ability to drink
                  | potions when taking damage. [potion of mutation]
 49409 | Depths:4 | Lost mutation: You have hidden genetic defects. [potion of
                  | mutation]
 49409 | Depths:4 | Gained mutation: A frigid envelope surrounds you and
                  | freezes all who hurt you. [potion of mutation]
 49409 | Depths:4 | Gained mutation: Your body sometimes deteriorates upon
                  | taking damage. [potion of mutation]
 49409 | Depths:4 | Gained mutation: You expend magic power (3 MP) to
                  | strengthen your wands. [potion of mutation]
 49409 | Depths:4 | Gained mutation: You are covered in fur. (AC +1) [potion of
                  | mutation]
 49615 | Depths:4 | Found a gate to the Realm of Zot.
 49631 | Zot:1    | Entered Level 1 of the Realm of Zot
 50586 | Zot:1    | Found a huge runed gate.
 50586 | Zot:1    | Found a huge runed gate.
 50586 | Zot:1    | Found a huge runed gate.
 50586 | Zot:1    | Found a huge runed gate.
 50586 | Zot:1    | Found a huge runed gate.
 50610 | Zot:1    | Found a huge runed gate.
 50610 | Zot:1    | Found a huge runed gate.
 50610 | Zot:1    | Found a huge runed gate.
 50610 | Zot:1    | Found a huge runed gate.
 50613 | Zot:1    | Found a huge runed gate.
 50634 | Zot:1    | Found a huge runed gate.
 50634 | Zot:1    | Found a huge runed gate.
 50634 | Zot:1    | Found a huge runed gate.
 50634 | Zot:1    | Found a huge runed gate.
 50634 | Zot:1    | Found a huge runed gate.
 50634 | Zot:1    | Found a huge runed gate.
 50635 | Zot:1    | Found a huge runed gate.
 50656 | Zot:1    | Found a huge runed gate.
 50656 | Zot:1    | Found a huge runed gate.
 50656 | Zot:1    | Found a huge runed gate.
 50656 | Zot:1    | Found a huge runed gate.
 50656 | Zot:1    | Found a huge runed gate.
 50658 | Zot:1    | Found a huge runed gate.
 50659 | Zot:1    | Found a huge runed gate.
 50660 | Zot:1    | Found a huge runed gate.
 50661 | Zot:1    | Found a huge runed gate.
 50669 | Zot:1    | Found a huge runed gate.
 50669 | Zot:1    | Found a huge runed gate.
 50669 | Zot:1    | Found a huge runed gate.
 50669 | Zot:1    | Found a huge runed gate.
 50669 | Zot:1    | Found a huge runed gate.
 50669 | Zot:1    | Found a huge runed gate.
 50670 | Zot:1    | Found a huge runed gate.
 50689 | Zot:1    | Found a huge runed gate.
 50689 | Zot:1    | Found a huge runed gate.
 50697 | Zot:1    | Found a huge runed gate.
 50800 | Zot:1    | Reached XP level 25. HP: 168/168 MP: 37/37
 50999 | Zot:1    | Found the +8 trident of the Octopus King {venom, rElec
                  | rPois}
 50999 | Zot:1    | Noticed Wefy's ghost (legendary GnIE)
 50999 | Zot:1    | Noticed an orb of fire
 50999 | Zot:1    | Noticed Benajun's ghost (veteran OgBe)
 50999 | Zot:1    | Noticed Cemmere's ghost (veteran TrCK)
 50999 | Zot:1    | Noticed Meadakhi's ghost (master DgEE)
 50999 | Zot:1    | Noticed Cemmere's ghost (veteran TrCK)
 50999 | Zot:1    | Noticed Qaniympis's ghost (veteran DgEE)
 51000 | Zot:1    | Noticed Qaniympis's ghost (veteran DgEE)
 51015 | Zot:1    | Gained mutation: Potions are less effective at restoring
                  | your health. [an orb of fire]
 51024 | Zot:1    | Gained mutation: You occasionally shout uncontrollably at
                  | your foes. [an orb of fire]
 51025 | Zot:1    | Gained mutation: You are dopey. (Int -2) [an orb of fire]
 51026 | Zot:1    | Killed Cemmere's ghost
 51028 | Zot:1    | Gained mutation: You do not regenerate when monsters are
                  | visible. [an orb of fire]
 51031 | Zot:1    | Gained mutation: You occasionally lose the ability to drink
                  | potions when taking damage. [an orb of fire]
 51241 | Zot:1    | Killed Qaniympis's ghost
 51334 | Zot:1    | Killed Meadakhi's ghost
 51359 | Zot:1    | Killed Wefy's ghost
 51369 | Zot:1    | Killed Qaniympis's ghost
 51500 | Zot:1    | Identified the ring "Wyokos" {MP+9 Str+3}
 51544 | Zot:1    | Killed an orb of fire
 51579 | Zot:1    | Killed Benajun's ghost
 51581 | Zot:1    | Lost mutation: You occasionally lose the ability to drink
                  | potions when taking damage. [potion of mutation]
 51581 | Zot:1    | Lost mutation: Your body sometimes deteriorates upon taking
                  | damage. [potion of mutation]
 51581 | Zot:1    | Lost mutation: You are covered in fur. (AC +1) [potion of
                  | mutation]
 51581 | Zot:1    | Gained mutation: You have a somewhat thin skeletal
                  | structure. (Dex +2, Stealth+) [potion of mutation]
 51581 | Zot:1    | Gained mutation: You have a pair of small antennae on your
                  | head. [potion of mutation]
 51582 | Zot:1    | Lost mutation: A frigid envelope surrounds you and freezes
                  | all who hurt you. [potion of mutation]
 51582 | Zot:1    | Lost mutation: You occasionally shout uncontrollably at
                  | your foes. [potion of mutation]
 51582 | Zot:1    | Gained mutation: You occasionally lose the ability to read
                  | scrolls when taking damage. [potion of mutation]
 51583 | Zot:1    | Lost mutation: You are dopey. (Int -2) [potion of mutation]
 51583 | Zot:1    | Lost mutation: You have a somewhat thin skeletal structure.
                  | (Dex +2, Stealth+) [potion of mutation]
 51583 | Zot:1    | Lost mutation: You occasionally lose the ability to read
                  | scrolls when taking damage. [potion of mutation]
 51583 | Zot:1    | Gained mutation: You occasionally shout uncontrollably at
                  | your foes. [potion of mutation]
 51583 | Zot:1    | Lost mutation: You have a pair of small antennae on your
                  | head. [potion of mutation]
 51583 | Zot:1    | Gained mutation: Your skin changes colour to match your
                  | surroundings (Stealth+). [potion of mutation]
 51584 | Zot:1    | Lost mutation: You expend magic power (3 MP) to strengthen
                  | your wands. [potion of mutation]
 51584 | Zot:1    | Lost mutation: You do not regenerate when monsters are
                  | visible. [potion of mutation]
 51584 | Zot:1    | Gained mutation: Your spells are a little harder to cast,
                  | but a little more powerful. [potion of mutation]
 51584 | Zot:1    | Gained mutation: You have large cloven feet. [potion of
                  | mutation]
 51584 | Zot:1    | Gained mutation: You are covered in fur. (AC +1) [potion of
                  | mutation]
 52401 | Zot:2    | Found a transporter.
 52403 | Zot:2    | Noticed Pooter's ghost (master MiBe)
 52404 | Zot:2    | Noticed a dread lich
 52407 | Zot:2    | Found a transporter.
 52757 | Zot:3    | Upgraded the game from 0.30-a0-965-g42e074c17a to
                  | 0.30-a0-972-gf3ab3527aa
 52949 | Zot:3    | Found the +4 dragonskin cloak
 52949 | Zot:3    | Noticed Tiamat
 53017 | Zot:3    | Killed Tiamat
 53398 | Zot:3    | Reached XP level 26. HP: 170/174 MP: 36/37
 53578 | Zot:3    | Noticed a Killer Klown
 53597 | Zot:3    | Killed a Killer Klown
 55493 | Zot:5    | Entered Level 5 of the Realm of Zot
 56034 | Zot:5    | Identified the +0 tower shield of Asufoc {SInv}
 56042 | Zot:5    | Gained mutation: You have hidden genetic defects.
                  | [mutagenic glow]
 56078 | Zot:5    | Noticed an ancient lich
 56078 | Zot:5    | Gained mutation: You are vulnerable to cold. (rC-)
                  | [mutagenic glow]
 56095 | Zot:5    | Killed an ancient lich
 56098 | Zot:5    | Noticed a Killer Klown
 56117 | Zot:5    | Killed a Killer Klown
 56127 | Zot:5    | Noticed an orb of fire
 56147 | Zot:5    | Gained mutation: Your body sometimes deteriorates upon
                  | taking damage. [an orb of fire]
 56155 | Zot:5    | Killed an orb of fire
 56156 | Zot:5    | Reached XP level 27. HP: 136/179 MP: 20/37
 56211 | Zot:5    | Noticed an orb of fire
 56221 | Zot:5    | Gained mutation: You are clumsy. (Dex -2) [an orb of fire]
 56234 | Zot:5    | Killed an orb of fire
 56234 | Zot:5    | Noticed an orb of fire
 56252 | Zot:5    | Gained mutation: You sometimes lose your temper in combat.
                  | [an orb of fire]
 56266 | Zot:5    | Killed an orb of fire
 56291 | Zot:5    | Gained mutation: Your magical capacity is low. (-10% MP)
                  | [hidden defects]
 56292 | Zot:5    | Lost mutation: You occasionally shout uncontrollably at
                  | your foes. [potion of mutation]
 56292 | Zot:5    | Lost mutation: Potions are less effective at restoring your
                  | health. [potion of mutation]
 56292 | Zot:5    | Lost mutation: Your spells are a little harder to cast, but
                  | a little more powerful. [potion of mutation]
 56292 | Zot:5    | Gained mutation: Your mind is acute. (Int +4, Str/Dex -1)
                  | [potion of mutation]
 56293 | Zot:5    | Lost mutation: You have hidden genetic defects. [potion of
                  | mutation]
 56293 | Zot:5    | Lost mutation: Your mind is acute. (Int +4, Str/Dex -1)
                  | [potion of mutation]
 56293 | Zot:5    | Lost mutation: Your skin changes colour to match your
                  | surroundings (Stealth+). [potion of mutation]
 56294 | Zot:5    | Lost mutation: You are vulnerable to cold. (rC-) [potion of
                  | mutation]
 56294 | Zot:5    | Lost mutation: Your body sometimes deteriorates upon taking
                  | damage. [potion of mutation]
 56294 | Zot:5    | Lost mutation: You sometimes lose your temper in combat.
                  | [potion of mutation]
 56294 | Zot:5    | Lost mutation: You have large cloven feet. [potion of
                  | mutation]
 56340 | Zot:5    | Noticed an ancient lich
 56363 | Zot:5    | Killed an ancient lich
 56598 | Zot:5    | Noticed an orb of fire
 56618 | Zot:5    | Killed an orb of fire
 56711 | Zot:5    | Noticed an ancient lich
 56712 | Zot:5    | Noticed an ancient lich
 56729 | Zot:5    | Killed an ancient lich
 56737 | Zot:5    | Killed an ancient lich
 56992 | Zot:2    | Paralysed by a dread lich for 5 turns
 56999 | Zot:2    | Killed a dread lich
 57004 | Zot:2    | Killed Pooter's ghost
 57016 | Zot:2    | Identified the ring "Zunwim" {EV+5 Int+3 Dex+2}
 57026 | Zot:2    | Identified the +7 quarterstaff of Excruciating Pain
                  | {freeze, rN+ Dex+3 Stlth+}
 57095 | Zot:1    | Killed Cemmere's ghost
 57169 | Depths:3 | Voluntarily entered the Abyss.
 57176 | Abyss:3  | Found a corrupted altar of Lugonu.
 57207 | Abyss:3  | Found a corrupted altar of Lugonu.
 57515 | Abyss:3  | Found a corrupted altar of Lugonu.
 57524 | Abyss:3  | Found a corrupted altar of Lugonu.
 57524 | Abyss:3  | Found a corrupted altar of Lugonu.
 57623 | Abyss:3  | Found a corrupted altar of Lugonu.
 57838 | Abyss:3  | Got an abyssal rune of Zot
 57856 | Depths:3 | Escaped the Abyss
 58109 | Vaults:5 | Entered Level 5 of the Vaults
 58782 | Vaults:5 | Reached skill level 27 in Shields
 58834 | Vaults:5 | Identified the +3 quarterstaff "Woxzoily" {flame, *Slow
                  | rN++ Str+4}
 58864 | Vaults:5 | Reached skill level 27 in Armour
 59038 | Vaults:5 | Identified the +3 buckler of Bitterness {rPois rN++ Int-5}
 59040 | Vaults:5 | Got Qoit's Secrets of Interference
 59154 | Vaults:5 | Identified the +8 war axe of Fufo Sioth {protect, SInv}
 59281 | Vaults:5 | Identified the +5 scale mail of Hoab {rC- rCorr Int-5
                  | Dex+5}
 59360 | Vaults:5 | Identified the +4 long sword "Omoinlo" {freeze, Dex+6}
 59582 | Vaults:5 | Got a silver rune of Zot
 60147 | Zot:5    | Got the Orb of Zot
 60226 | Zot:4    | Noticed Hypaof the pandemonium lord
 60250 | Zot:4    | Killed Hypaof the pandemonium lord
 60273 | Zot:4    | Noticed Daps the pandemonium lord
 60305 | Zot:4    | Killed Daps the pandemonium lord
 60517 | Depths:2 | Noticed Ukkius the pandemonium lord
 60616 | D:13     | Noticed Tucladde the pandemonium lord
 60645 | D:13     | Killed Tucladde the pandemonium lord
 61039 | D:$      | Escaped with the Orb!

Illustrated notes

Levels and vault maps discovered:
D:1:      dpeg_arrival_round_b, layout_basic, ebering_ecumenical_altar_ruins
D:2:      layout_basic, minmay_indecisive_spiral
D:3:      layout_rooms, nicolae_ashenzari_panopticon,
          cheibrodos_sewer_entry_sluice, kennysheep_crisscross,
          nrook_mini_backslash
D:4:      layout_gridville, minmay_temple_entry_hall, uniq_natasha, uniq_robin
D:5:      layout_loops_ring, uniq_blork_the_orc, uniq_pikel
D:6:      layout_basic
D:7:      layout_loops_ring, nicolae_wu_jian_wuxing_cycle,
          minmay_misc_feat_pillars
D:8:      minmay_slanted_spiral_squares, layout_basic, david_lair_generic,
          dk_noncrumbling_3, minmay_splitting_lines
D:9:      minmay_clustersquares, layout_irregular_city,
          mainiacjoe_overflow_tiny_flanked, grunt_temple_overflow_open
D:10:     layout_irregular_city, enter_bailey_4, minmay_diced_spiral
D:11:     layout_loops_ring, minivault_5, grunt_ministairs_14
D:12:     layout_irregular_city, orc_0_dummy, ebering_ghost_reflecting_pool,
          enter_trove_0, uniq_josephine
D:13:     layout_cave_pools, ximxim_vaults_locker_room
D:14:     layout_irregular_city, chequers_big_river, okawaru_ov_weapons_minmay,
          uniq_snorg, uniq_lodul
D:15:     grunt_enter_depths_hoard, layout_loops_cross,
          hangedman_decor_clover_reticule
Temple:   zaba_magenta_temple
Lair:1:   layout_hall_layers, lemuel_fruit_fields, uniq_erica, uniq_amaemon
Lair:2:   cheibrodos_lair_river_kwai, layout_cave_pods,
          ebering_ghost_reflecting_pool, uniq_harold
Lair:3:   layout_cave_shapes, swamp_mist_pool,
          minmay_snake_entry_guardpost_small, chequers_serial_rivers_small_3,
          uniq_gastronok, uniq_urug
Lair:4:   layout_regular_city, slime_entry_1, gauntlet_entry_generic,
          forest_entry_grove, lemuel_fruit_tree
Swamp:1:  layout_basic_swamp, nicolae_swamp_godswood
Swamp:2:  layout_basic_swamp, serial_swamp_ruin, hangedman_swamp_ruin_hall,
          evilmike_swamp_ruin_house_2, swamp_pool3,
          nicolae_swamp_stuck_in_the_mud, infiniplex_staircase_pool_2
Swamp:3:  layout_falls_marsh, nicolae_swamp_small_spring
Swamp:4:  swamp_alternative, layout_basic_swamp
Snake:1:  layout_misc_corridors, serial_shops, shop, grunt_megastairs_3,
          uniq_kirke
Snake:2:  layout_misc_corridors
Snake:3:  layout_honeycomb, uniq_saint_roka, uniq_mara, uniq_agnes
Snake:4:  grunt_snake_rune_pools, layout_cave_town, minmay_shoptagon
Slime:1:  layout_caves
Slime:2:  layout_caves, cheibrodos_slime_lost_civilization_5
Slime:3:  layout_caves
Slime:4:  layout_caves
Slime:5
Orc:1:    layout_caves, serial_shops, shop, nicolae_shop_statue_plus,
          nicolae_diamond_shop, nicolae_diamond_shop
Orc:2:    st_orc_pillars, layout_caves, serial_shops, nicolae_lakefront_shop,
          portal_ice_cave_entry_imps
Elf:1:    eino_elf_arrival_shootout, layout_loops_corners, serial_shops,
          shop_fountains, minmay_elf_annihilation
Elf:2:    nicolae_elf_blades_splatter_lattice [grunt_blade_entry_basic],
          layout_gridlike, minivault_8
Elf:3:    elf_hall_gauntlet_wide, layout_rooms
Vaults:1: hellmonk_ghost_big_iron, nicolae_vaults_windows_and_doors_thing,
          v_misc_22, hangedman_vaults_river_flow, vaults_room_octagon,
          nicolae_vaults_gold_heap, nicolae_vaults_little_squares_6,
          hangedman_vaults_cutoff, ontoclasm_vaults_ring_large,
          hangedman_vaults_capsules, nicolae_vaults_rhombus_7,
          nicolae_vaults_mini_display_case, vaults_dpeg_emergency_exit,
          vaults_mumra_minichess, layout_vaults_maze_snakey
Vaults:2: hangedman_vaults_corner, nicolae_vaults_ninety_degrees,
          ontoclasm_vaults_decontamination, vaults_dpeg_doors, vaults_mumra_hex,
          layout_vaults_omnigrid, minmay_crypt_entry_necro_gods, serial_shops,
          nicolae_lakefront_shop
Vaults:3: vaults_mumra_chevron_long, grunt_vaults_funneled_arena, v_misc_26,
          nicolae_vaults_little_squares_5, grunt_vaults_swirl,
          dpeg_vaults_monster_box, hangedman_vaults_restitches,
          nicolae_vaults_specimen_jars, hangedman_vaults_slice, v_misc_18,
          grunt_vaults_hallway_long, grunt_vaults_hallway_long,
          layout_vaults_omnibox, uniq_aizul
Vaults:4: ontoclasm_vaults_spin, hangedman_vaults_pinch,
          hangedman_vaults_variations, v_misc_8, v_misc_18,
          vaults_room_stairs_pillars, nicolae_vaults_little_squares_4,
          ontoclasm_vaults_bender, hangedman_vaults_restitches,
          hangedman_vaults_slice, nicolae_vaults_diagonal_hallway_6,
          vaults_dpeg_diagonal, layout_vaults_omnicross
Vaults:5: serial_shops
Depths:1: layout_roguey, enter_ziggurat_a, pf_hell_entry_tar_spiral,
          serial_shops, bzr_entry_islet, serial_sigils,
          serial_sigils_hangedman_writhe, serial_sigils_hangedman_quiver,
          serial_sigils_hangedman_carve, serial_sigils_hangedman_quiver,
          serial_sigils_hangedman_quiver, skrybe_limestone_x,
          chequers_serial_rivers_small_3, minmay_three_doors,
          serial_bayou_shore_b
Depths:2: dreamdust_experimentation, layout_cave_pools,
          nicolae_ru_path_of_blood, hell_entry, rand_demon_pan_entry_8,
          minmay_hedge_maze, infiniplex_staircase_pillars_3b,
          serial_bayou_shore_a
Depths:3: kb_forest_paths, layout_cross, grunt_pan_entry_sceptre,
          minmay_misc_feat_four_crosses, hell_entry,
          nicolae_abyss_entry_one_way_or_another, infiniplex_staircase_squiggle,
          firewood_loft, uniq_xtahua
Depths:4: evilmike_zot_entry_argh, layout_cave_pools, rand_demon_pan_entry_1,
          minmay_misc_feat_secret_circle, grunt_hell_entry_dis_grunt, uniq_vv
Zot:1:    kennysheep_six_static_rooms, layout_misc_corridors,
          gammafunk_ghost_door_vault, st_stairs_11
Zot:2:    layout_gridlike, gammafunk_ghost_mausoleum, zot_minivault_1
Zot:3:    nicolae_zot_stationary_front, layout_gridlike, uniq_tiamat
Zot:4:    layout_twisted_circle, grunt_megastairs_1
Zot:5:    layout_misc_corridors

Skill      XL: |  1  2  3  4  5  6  7  8  9 10 11 12 13 14 15 16 17 18 19 20 21 22 23 24 25 26 27 |
---------------+----------------------------------------------------------------------------------+-----
Maces & Flails | 4 5 6 7 10 11 13 16 17 18 19 20 21 | 21.9
Conjurations   | 4 |  4.0
Fighting       | 3 10 13 15 16 17 18 19 20 22 | 22.2
Invocations    | 4 9 10 12 14 16 19 20 | 20.0
Armour         | 7 12 14 15 16 17 19 20 21 23 25 27 | 27.0
Shields        | 9 15 16 17 18 20 21 23 25 27 | 27.0
Dodging        | 10 11 14 15 | 15.0
Spellcasting   | |  2.0

Action                     |  1- 3 |  4- 6 |  7- 9 | 10-12 | 13-15 | 16-18 | 19-21 | 22-24 | 25-27 || total
---------------------------+-------+-------+-------+-------+-------+-------+-------+-------+-------++-------
  Melee: Mace              |    16 |       |       |       |       |       |       |       |       ||    16
         Short sword       |   125 |   135 |   186 |       |       |       |       |       |       ||   446
         Punch             |       |     2 |    10 |    10 |    13 |       |       |       |       ||    35
         Whip              |       |       |   241 |   320 |       |       |       |       |       ||   561
         Morningstar       |       |       |       |   210 |  1243 |  1302 |   185 |       |       ||  2940
         Eveningstar       |       |       |       |       |       |       |  1307 |  2046 |  2869 ||  6222
  Throw: Dart              |       |       |     2 |     5 |     6 |       |       |       |       ||    13
 Invoke: Divine Shield     |       |       |       |       |       |     6 |     4 |     4 |     9 ||    23
         Cleansing Flame   |       |       |       |       |       |     2 |     4 |     7 |    21 ||    34
         Summon Divine War |       |       |       |       |       |       |       |     1 |     2 ||     3
  Evoke: Wand              |       |       |       |     3 |     1 |       |       |       |       ||     4
    Use: Scroll            |       |     1 |     5 |    16 |     8 |     8 |     8 |     3 |    13 ||    62
         Potion            |       |     3 |     2 |     5 |     8 |     4 |     2 |     7 |    12 ||    43
 Armour: Leather armour    |    46 |    64 |    78 |       |       |       |       |       |       ||   188
         Ring mail         |       |       |    43 |   159 |       |       |       |       |       ||   202
         Plate armour      |       |       |       |       |   839 |   888 |   776 |   934 |       ||  3437
         Gold dragon scale |       |       |       |       |       |       |       |   470 |  1688 ||  2158
  Dodge: Dodged            |    85 |   127 |   291 |   473 |  1099 |   546 |   437 |   638 |   811 ||  4507
  Block: Tower shield      |       |       |       |       |   280 |  2198 |  1833 |  2426 |  3556 || 10293
         Reflection        |       |       |       |       |    15 |   111 |   117 |    40 |       ||   283

Table legend: (Time is in decaauts)
 A = Elapsed time spent in this place.
 B = Non-inter-level travel time spent in this place.
 C = Inter-level travel time spent in this place.
 D = Time resting spent in this place.
 E = Time spent auto-exploring this place.
 F = Levels seen in this place.
 G = Mean time per level.
                   A        B        C        D        E       F      G
               +--------+--------+--------+--------+--------+-----+--------+
         Total |  59978 |  52592 |   7386 |   4580 |  30977 |  61 |  983.2 |
       Dungeon |  15934 |  12780 |   3154 |    470 |   9643 |  15 | 1062.3 |
        Temple |     74 |     58 |     16 |      0 |     50 |   1 |   74.0 |
          Lair |   4588 |   3591 |    997 |    565 |   2248 |   4 | 1147.0 |
         Swamp |   3117 |   2934 |    183 |    249 |   1781 |   4 |  779.2 |
     Snake Pit |   6224 |   5791 |    433 |    878 |   3065 |   4 | 1556.0 |
    Slime Pits |   1652 |   1565 |     87 |    513 |    189 |   5 |  330.4 |
  Orcish Mines |   2801 |   2369 |    432 |    350 |   1057 |   2 | 1400.5 |
   Elven Halls |   3731 |   3248 |    483 |    151 |   1788 |   3 | 1243.7 |
        Vaults |   7152 |   6533 |    619 |    435 |   4173 |   5 | 1430.4 |
        Depths |   4616 |   4053 |    563 |    143 |   2694 |   4 | 1154.0 |
           Zot |   7011 |   6594 |    417 |    242 |   3681 |   5 | 1402.2 |
         Abyss |    799 |    799 |      0 |      0 |      0 |   3 |  266.3 |
        Bazaar |    109 |    109 |      0 |      0 |    101 |   1 |  109.0 |
         Trove |     87 |     87 |      0 |      0 |      2 |   1 |   87.0 |
         Sewer |    438 |    438 |      0 |      0 |    255 |   1 |  438.0 |
        Bailey |    365 |    365 |      0 |      0 |    222 |   1 |  365.0 |
      Ice Cave |    476 |    476 |      0 |    300 |      0 |   1 |  476.0 |
      Gauntlet |    797 |    797 |      0 |    282 |     25 |   1 |  797.0 |
               +--------+--------+--------+--------+--------+-----+--------+

Top non-repeatable levels by time:
 Snake:4: 2137 daAuts
   Orc:2: 2041 daAuts
     D:9: 1836 daAuts
  Lair:3: 1834 daAuts
Vaults:1: 1750 daAuts
Vaults:4: 1735 daAuts
  Lair:2: 1665 daAuts
   Zot:1: 1626 daAuts
    D:12: 1577 daAuts
   Zot:3: 1548 daAuts
   Elf:2: 1453 daAuts
 Snake:2: 1434 daAuts
     D:8: 1431 daAuts
   Zot:5: 1411 daAuts
 Snake:3: 1385 daAuts
